 Dungeon Crawl Stone Soup version 0.20-a0-210-gd6c29eb (webtiles) character file.

1874 AlphabetPasta the Arsonist (level 8, -3/57 HPs)
             Began as a Centaur Fire Elementalist on Nov 26, 2016.
             Slain by an orc warrior
             ... wielding a +0 trident
              (19 damage)
             ... on level 7 of the Dungeon.
             The game lasted 00:34:28 (9274 turns).

AlphabetPasta the Arsonist (CeFE)                   Turns: 9274, Time: 00:34:28

Health: -3/57      AC:  7    Str: 13    XL:     8   Next: 91%
Magic:  12/14      EV:  9    Int: 16    God:
Gold:   19         SH:  0    Dex: 10    Spells: 5/15 levels left

rFire  + . .     SeeInvis +     b - +0 shortbow
rCold  . . .     Gourm    .     u - +0 robe
rNeg   . . .     Faith    .     (shield currently unavailable)
rPois  .         Spirit   .     (helmet restricted)
rElec  .         Reflect  .     y - +2 cloak {MR+}
rCorr  .         Harm     .     (no gloves)
MR     +....                    (no barding)
Stlth  ..........               i - amulet of regeneration
                                q - ring of see invisible
                                e - +2 ring of strength

@: confused, very slightly contaminated, very quick
A: antennae 1, hooves 3, deformed body, fire resistance 1, speed 2, tough skin 3
a: no special abilities


You were on level 7 of the Dungeon.
You were not hungry.

You visited 1 branch of the dungeon, and saw 7 of its levels.

You collected 260 gold pieces.
You spent 241 gold pieces at shops.

Inventory:

Hand Weapons
 a - a +0 quarterstaff
 b - a +0 shortbow (weapon)
Missiles
 m - 116 arrows (quivered)
 t - 7 javelins
Armour
 d - a +1 helmet
 k - a +0 leather armour of cold resistance
 u - a +0 robe (worn)
 y - a +2 cloak of magic resistance (worn)
Jewellery
 e - a +2 ring of strength (left hand)
 i - an amulet of regeneration (around neck)
 q - a ring of see invisible (right hand)
Wands
 w - a wand of disintegration (6/24)
 x - a wand of confusion (17/48)
Scrolls
 g - a scroll of fog
 l - 3 scrolls of remove curse
 v - 2 scrolls of enchant armour
Potions
 n - a potion of ambrosia
 o - a potion of resistance
 r - a potion of heal wounds {unknown}
 s - a potion of curing {unknown}
Books
 f - a book of Minor Magic

   Spells                             Type                      Level
   a - Magic Dart                     Conjuration                  1
   b - Blink                          Translocation                2
   c - Call Imp                       Summoning                    2
   d - Repel Missiles                 Charms/Air                   2
   e - Slow                           Hexes                        2
   f - Conjure Flame                  Conjuration/Fire             3
   g - Mephitic Cloud                 Conjuration/Poison/Air       3
 z - a book of Flames

   Spells                             Type                      Level
   a - Flame Tongue                   Conjuration/Fire             1
   b - Throw Flame                    Conjuration/Fire             2
   c - Conjure Flame                  Conjuration/Fire             3
   d - Inner Flame                    Hexes/Fire                   3
   e - Sticky Flame                   Conjuration/Fire             4
   f - Fireball                       Conjuration/Fire             5
Comestibles
 c - 5 bread rations
 h - a meat ration
 j - 6 chunks of flesh
 p - a royal jelly


   Skills:
 + Level 1.6 Bows
 - Level 0.4 Armour
 - Level 1.3 Dodging
 - Level 1.1 Stealth
 + Level 4.4 Spellcasting
 + Level 5.1 Conjurations
 * Level 8.0 Fire Magic


You had 5 spell levels left.
You knew the following spells:

 Your Spells              Type           Power        Failure   Level  Hunger
a - Flame Tongue          Conj/Fire      ###..        1%          1    None
b - Throw Flame           Conj/Fire      ###...       1%          2    ##.....
c - Conjure Flame         Conj/Fire      ###.....     3%          3    ###....
d - Sticky Flame          Conj/Fire      ###.....     12%         4    ####...


Dungeon Overview and Level Annotations

Branches:
Dungeon (7/15)
 Temple: D:4-7

Altars:
Cheibriados
Elyvilon
Gozag
Hepliaklqana
Qazlal

Shops:
D:6 [


Innate Abilities, Weirdness & Mutations

You have hooves in place of feet.
Armour fits poorly on your strangely shaped body.
You cover ground very quickly.
You have extremely tough skin. (AC +3)
You have a pair of small antennae on your head.
Your flesh is heat resistant. (rF+)


Message History

The flame tongue misses the orc warrior.
The orc warrior completely misses you.
Casting: Flame Tongue
Confirm with . or Enter, or press ? or * to list all spells.
Aiming: Flame Tongue
Press: ? - help, Shift-Dir - straight line, f/p - orc warrior
Aim: an orc warrior, wielding a trident and wearing a chain mail (moderately wounded)
The flame tongue hits the orc warrior.
The orc warrior is heavily wounded.
The orc warrior hits you from afar with a trident!
* * * LOW HITPOINT WARNING * * *
The orc priest calls upon Beogh to heal the orc warrior.
The orc warrior is healed somewhat.
The orc priest invokes the aid of Beogh against you.
Beogh smites you!
* * * LOW HITPOINT WARNING * * *
You are confused.
You feel invigorated. The orc warrior barely misses you.
The orc warrior hits you from afar with a trident!!
You die...

####.####.#
#.......#.#
#.#####.#.# ##.
#.#.# # .. #.#.#.#
######. #.....#
(((.().#####...###
#oo.....###
####@####
#....?...
#..###### #..#
...# ##.# .# .#


You could see an orc warrior and an orc priest.

Vanquished Creatures
  Sigmund (D:3)
  Eustachio (D:6)
  3 orc warriors
  An ice beast (D:5)
  2 ogres
  2 centaurs
  2 bullfrogs
  2 scorpions
  A bullfrog zombie (D:5)
  2 hounds
  An orc priest (D:6)
  A centaur skeleton (D:4)
  4 orc wizards
  2 iguanas (D:4)
  2 worker ants (D:4)
  2 hound skeletons
  A mummy (D:5)
  A worker ant zombie (D:5)
  3 gnolls (D:3)
  A howler monkey skeleton (D:5)
  11 adders
  A shadow imp (D:5)
  2 oozes
  2 adder skeletons
  2 dart slugs (D:1)
  5 leopard geckos
  9 orcs
  7 giant cockroaches
  6 goblins
  7 hobgoblins
  5 jackals
  5 kobolds (D:1)
  6 quokkas
  5 ball pythons (D:3)
  11 bats
  3 frilled lizards
  4 rats
126 creatures vanquished.

Vanquished Creatures (others)
  A quokka (D:6)
1 creature vanquished.

Grand Total: 127 creatures vanquished

Notes
Turn   | Place    | Note
-------+----------+-------------------------------------------
     0 | D:1      | AlphabetPasta the Centaur Fire Elementalist began the quest for the Orb.
     0 | D:1      | Reached XP level 1. HP: 14/14 MP: 3/3
    18 | D:1      | Reached skill level 1 in Conjurations
   190 | D:1      | Reached skill level 3 in Fire Magic
   190 | D:1      | Reached XP level 2. HP: 7/20 MP: 0/4
   194 | D:1      | Learned a level 2 spell: Throw Flame
  1472 | D:1      | Reached XP level 3. HP: 26/26 MP: 0/5
  1805 | D:1      | Found a stormy altar of Qazlal.
  2194 | D:2      | Found a hazy altar of Hepliaklqana.
  2884 | D:3      | Noticed a bullfrog
  2899 | D:3      | Killed a bullfrog
  2899 | D:3      | Reached skill level 4 in Fire Magic
  2899 | D:3      | Reached XP level 4. HP: 13/33 MP: 0/7
  2904 | D:3      | Learned a level 3 spell: Conjure Flame
  3114 | D:3      | Reached XP level 5. HP: 27/38 MP: 0/8
  3208 | D:3      | Noticed Sigmund
  3226 | D:3      | Killed Sigmund
  3226 | D:3      | Reached XP level 6. HP: 25/45 MP: 0/9
  3726 | D:3      | Reached skill level 5 in Fire Magic
  3732 | D:3      | Learned a level 4 spell: Sticky Flame
  5151 | D:4      | Reached XP level 7. HP: 19/50 MP: 4/11
  5198 | D:4      | Got an ichor-stained leather armour
  5210 | D:4      | Identified the +1 leather armour of Minor Irritation {Regen+ MP-9 Dex+7} (You took it off an orc on level 4 of the Dungeon)
  5771 | D:5      | Entered Level 5 of the Dungeon
  5969 | D:5      | Found an opulent altar of Gozag.
  5985 | D:5      | Reached skill level 6 in Fire Magic
  6068 | D:5      | Found a snail-covered altar of Cheibriados.
  6471 | D:5      | Found a stormy altar of Qazlal.
  7209 | D:5      | Reached XP level 8. HP: 24/57 MP: 0/13
  7687 | D:6      | Gained mutation: You have a pair of small antennae on your head. [potion of beneficial mutation]
  7688 | D:6      | Gained mutation: Your flesh is heat resistant. (rF+) [potion of beneficial mutation]
  7700 | D:6      | Found Axtucwir's Antique Armour Boutique.
  7776 | D:5      | Reached skill level 7 in Fire Magic
  8107 | D:6      | Bought a glowing cloak for 241 gold pieces
  8226 | D:6      | Found a white marble altar of Elyvilon.
  8355 | D:6      | Noticed Eustachio
  8372 | D:6      | Killed Eustachio
  8951 | D:6      | Reached skill level 5 in Conjurations
  9234 | D:7      | Reached skill level 8 in Fire Magic
  9237 | D:7      | Reached skill level 1 in Bows
  9274 | D:7      | Slain by an orc warrior

Vault maps used:
D:1:      nicolae_arrival_washed_ashore, kennysheep_flooded_box,
          hangedman_decor_clover_reticule
D:2:      lemuel_coloured_pillars_altar, lightli_corner_chamber
D:3:      minmay_shallow_snake_nest, uniq_sigmund
D:5:      slow_altar_1, nicolae_overflow_hidden_temple, first_bread,
          minivault_11, grunt_gozag_statues
D:6:      elyvilon_altar_4, serial_shops, nicolae_shop_crystal,
          minmay_misc_feat_diagonals, uniq_eustachio
D:7:      zin_purify, basic_altar, uniq_menkaure

Skill      XL: |  1  2  3  4  5  6  7  8 |
---------------+-------------------------+-----
Conjurations   | 1 2 3 4 5 |  5.1
Fire Magic     | 3 4 5 6 8 |  8.0
Spellcasting   | 2 3 4 |  4.4
Bows           | 1 |  1.6
Armour         | |  0.4
Dodging        | |  1.3
Stealth        | |  1.1

Action                   |  1- 3 |  4- 6 |  7- 9 || total
-------------------------+-------+-------+-------++-------
Melee: Unarmed           |    42 |     5 |       ||    47
       Kick              |     9 |       |     1 ||    10
       Quarterstaff      |       |       |     7 ||     7
 Fire: Shortbow          |       |       |     7 ||     7
Throw: Javelin           |       |       |     6 ||     6
 Cast: Flame Tongue      |    79 |   116 |   170 ||   365
       Throw Flame       |       |     1 |    18 ||    19
Evoke: Wand              |       |       |     3 ||     3
  Use: Potion            |     2 |     1 |     3 ||     6
       Scroll            |     8 |     4 |     4 ||    16
  Eat: Chunk             |     6 |     7 |     4 ||    17
       Meat ration       |       |       |     2 ||     2
Armor: Robe              |    18 |       |    24 ||    42
       Skin              |     3 |       |       ||     3
       Leather armour    |       |    13 |       ||    13
Dodge: Dodged            |    32 |    24 |    40 ||    96
